 Dungeon Crawl Stone Soup version 0.24.0-125-gc4c63601f3 (webtiles) character file.

Game seed: 11261564633963866517, levelgen mode: deterministic

1171 Johnny the Ruffian (level 8, -2/118 HPs)
             Began as a Troll Berserker on Feb 28, 2020.
             Was a Priest of Trog.
             Killed by divine providence
             ... invoked by an orc priest
              (14 damage)
             ... on level 6 of the Dungeon.
             The game lasted 00:04:00 (3684 turns).

Johnny the Ruffian (Troll Berserker)                Turns: 3684, Time: 00:04:01

Health: -2/118     AC: 24    Str: 28    XL:     8   Next: 18%
Magic:  7/7        EV:  1    Int:  3    God:    Trog [***...]
Gold:   177        SH:  0    Dex: 11    Spells: 7/7 levels left

rFire    + . .     SeeInvis .     - Unarmed
rCold    . . .     Gourm    +   (no shield)
rNeg     + + +     Faith    .   (armour currently unavailable)
rPois    +         Spirit   .   (helmet currently unavailable)
rElec    .         Reflect  .   (cloak currently unavailable)
rCorr    .         Harm     .   (gloves unavailable)
MR       ++...     NoTele   +   (boots unavailable)
Stlth    +.........             (no amulet)
HPRegen  1.69/turn              g - ring of protection from fire
MPRegen  0.10/turn              q - ring of wizardry

@: tree-form, berserk cooldown, regenerating, slowed, very slow
A: large, unfitting armour, repulsion field 1, agile 1, fast metabolism 3,
gourmand, regeneration 1
a: Berserk, Trog's Hand, Renounce Religion


You were on level 6 of the Dungeon.
You worshipped Trog.
Trog was most pleased with you.
You were full.
You were a tree.
You visited 2 branches of the dungeon, and saw 7 of its levels.

You collected 177 gold pieces.

Inventory:

Armour
 a - a +0 animal skin (melded)
 t - a cursed +0 cloak (melded)
Jewellery
 g - a ring of protection from fire (left branch)
 q - a ring of wizardry (right branch)
Wands
 o - a wand of acid (8)
Scrolls
 d - a scroll of random uselessness {unknown}
 e - 2 scrolls of immolation {unknown}
 f - 4 scrolls of identify {unknown}
 i - 2 scrolls of fog {unknown}
 j - 3 scrolls of amnesia {unknown}
 p - 4 scrolls of teleportation {unknown}
 r - 2 scrolls of fear {unknown}
 s - 2 scrolls of enchant armour {unknown}
 u - a scroll of enchant weapon {unknown}
Potions
 h - 2 potions of invisibility {unknown}
 m - a potion of might
 n - a potion of curing {unknown}
Comestibles
 b - 8 rations


   Skills:
 + Level 4.7 Fighting
 + Level 3.8 Armour
 + Level 4.7 Dodging
 + Level 5.6 Unarmed Combat


You had 7 spell levels left.
You didn't know any spells.
Your spell library contained the following spells:

 Spells                   Type           Power        Failure   Level  Hunger
 Confusing Touch          Hex            #.....       24%         1    ##.....
 Confuse                  Hex            #.......     56%         3    ####...
 Gell's Gravitas          Tloc           #.........   56%         3    ####...
 Petrify                  Tmut/Erth      #.......     91%         4    #####..
 Metabolic Englaciation   Hex/Ice        #.........   99%         5    ######.
 Yara's Violent Unravell  Hex/Tmut       #.........   99%         5    ######.


Dungeon Overview and Level Annotations

Branches:
Dungeon (6/15)             Temple (1/1) D:5

Altars:
Ashenzari
Cheibriados
Dithmenos
Elyvilon
Fedhas
Gozag
Kikubaaqudgha
Makhleb
Nemelex Xobeh
Qazlal
Ru
Sif Muna
Uskayaw
Vehumet
Wu Jian
Xom
Yredelemnul
Zin
The Shining One


Innate Abilities, Weirdness & Mutations

You are too large for most types of armour.
((You have claws for hands.))
Your metabolism is lightning-fast.
You like to eat raw meat.
Your natural rate of healing is unusually fast.
((You are covered in fur. (AC +1)))
((You have extremely tough skin. (AC +3)))
You are surrounded by a mild repulsion field. (EV +2)
You are agile. (Dex +2)
((Armour fits poorly on your strangely shaped body.))


Message History

* * * LOW HITPOINT WARNING * * *
The jackal bites you but does no damage.
The gnoll completely misses you.
The orc priest miscasts a cantrip.
The orc warrior completely misses you. The gnoll hits you.
* * * LOW HITPOINT WARNING * * *
The sky beast flickers out of sight!
Deactivating autopickup; reactivate with Ctrl-A.
Something hits you but does no damage.
The jackal bites you but does no damage.
Okay, then.
Unknown command.
Your skin crawls.
You feel resistant to hostile enchantments.
The gnoll hits you but does no damage.
Your two-headed ogre hits the orc warrior with a +0 giant club!!
Your two-headed ogre barely misses the orc warrior.
The orc priest calls down the wrath of Beogh upon you.
Beogh smites you!
You die...

....... ....≈..
....≈.# ..).≈.#
....≈g.
####....≈g.
#.♣ho...≈g.
##g{o....≈g.
#.gooO...≈o.
#........≈≈.
...........≈≈
...............
##.........#....
##...#....##...
....##...# ###


You could see an orc warrior, an orc priest, 6 gnolls, 3 orcs, a jackal and a
friendly two-headed ogre (berserk).

Vanquished Creatures
  Menkaure (D:5)
  A sky beast (D:5)
  An ogre (D:5)
  A centaur (D:5)
  Blork the orc (D:5)
  2 howler monkeys
  3 hounds
  A jelly (D:5)
  3 bullfrog skeletons
  3 orc priests
  5 orc wizards
  A worker ant (D:5)
  11 adders
  A worm (D:2)
  4 dart slugs
  2 leopard geckos (D:2)
  18 orcs
  4 bats
  3 giant cockroaches
  14 goblins
  7 hobgoblins
  9 jackals
  15 kobolds
  2 quokkas
  2 ball pythons
  5 frilled lizards
  A quokka skeleton (D:5)
  7 rats
128 creatures vanquished.

Vanquished Creatures (collateral kills)
  A hound (D:6)
  4 gnolls (D:6)
5 creatures vanquished.

Grand Total: 133 creatures vanquished

Notes
Turn   | Place    | Note
-------+----------+-------------------------------------------
     0 | D:1      | Johnny the Troll Berserker began the quest for the Orb.
     0 | D:1      | Reached XP level 1. HP: 22/22 MP: 0/0
   114 | D:1      | Reached XP level 2. HP: 29/29 MP: 1/1
   598 | D:2      | Found a faded altar of an unknown god.
   671 | D:2      | Reached ** piety under Trog
   710 | D:2      | Reached XP level 3. HP: 36/36 MP: 2/2
   750 | D:2      | Reached skill level 1 in Armour
   936 | D:2      | Found a stormy altar of Qazlal.
  1132 | D:2      | Found a shimmering blue altar of Sif Muna.
  1218 | D:3      | Found a burning altar of Makhleb.
  1225 | D:3      | Reached XP level 4. HP: 40/45 MP: 3/3
  1344 | D:3      | Reached XP level 5. HP: 38/53 MP: 4/4
  1400 | D:3      | Reached *** piety under Trog
  1606 | D:3      | Reached skill level 4 in Unarmed Combat
  1912 | D:4      | Found a blossoming altar of Fedhas.
  1973 | D:4      | Found a shadowy altar of Dithmenos.
  1978 | D:4      | Found a sparkling altar of Nemelex Xobeh.
  2209 | D:4      | Reached XP level 6. HP: 48/61 MP: 5/5
  2284 | D:4      | Found a basalt altar of Yredelemnul.
  2365 | D:4      | Found a white marble altar of Elyvilon.
  2365 | D:4      | Found a glowing silver altar of Zin.
  2745 | D:5      | Entered Level 5 of the Dungeon
  2745 | D:5      | Found a staircase to the Ecumenical Temple.
  2778 | D:5      | Reached **** piety under Trog
  2783 | D:5      | Reached XP level 7. HP: 68/68 MP: 6/6
  2900 | D:5      | Found a shimmering altar of Xom.
  2911 | D:5      | Noticed Menkaure
  2919 | D:5      | Killed Menkaure
  2919 | D:5      | Reached skill level 5 in Unarmed Combat
  3194 | D:5      | Noticed Blork the orc
  3201 | D:5      | Killed Blork the orc
  3260 | D:5      | Reached XP level 8. HP: 45/79 MP: 7/7
  3481 | Temple   | Entered the Ecumenical Temple
  3677 | D:6      | HP: 3/79 [orc warrior/+0 mace (14)]
  3681 | D:6      | Gained mutation: Armour fits poorly on your strangely
                  | shaped body. [potion of mutation]
  3681 | D:6      | Gained mutation: You are agile. (Dex +2) [potion of
                  | mutation]
  3681 | D:6      | Gained mutation: You are surrounded by a mild repulsion
                  | field. (EV +2) [potion of mutation]
  3684 | D:6      | Killed from afar by an orc priest

Levels and vault maps discovered:
D:1:      dpeg_arrival_pits, layout_loops_cross, st_stairs_9,
          minmay_misc_feat_square
D:2:      layout_rooms, nicolae_overflow_hidden_temple, old_standard_altar,
          chequers_ecumenical_altar_simple
D:3:      layout_loops_ring, makhleb_blood_cavern_becter, first_ration,
          minmay_quantized
D:4:      layout_cave_pods, fedhas_altar_1, grunt_temple_overflow_open,
          gammafunk_temple_overflow_elements, kennysheep_mini, moated_statue,
          minmay_statues_item
D:5:      layout_loops_ring, minmay_temple_entry_purple_smoke, basic_altar,
          uniq_blork_the_orc, uniq_menkaure
D:6:      layout_cave_pools, marbit_many_paths, gammafunk_ghost_necromancy,
          serial_gnoll_camp, gnoll_camp_medium_02, gnoll_camp_huts_moat,
          grums_kennel, gnoll_camp_mini_sergeant, minmay_strange_pillars,
          uniq_eustachio
Temple:   chequers_temple_sunken

Skill      XL: |  1  2  3  4  5  6  7 |
---------------+----------------------+-----
Armour         | 1 2 3 |  3.8
Fighting       | 3 4 |  4.7
Dodging        | 3 4 |  4.7
Unarmed Combat | 4 5 |  5.6

Action                   |  1- 3 |  4- 6 |  7- 9 || total
-------------------------+-------+-------+-------++-------
Melee: Unarmed           |   110 |   169 |    76 ||   355
       Punch             |     1 |       |     4 ||     5
Invok: Berserk           |       |     1 |     4 ||     5
       Brothers in Arms  |       |       |     2 ||     2
       Trog's Hand       |       |       |     1 ||     1
  Use: Potion            |       |       |     5 ||     5
 Stab: Sleeping          |     1 |     1 |       ||     2
  Eat: Chunk             |    16 |    12 |    15 ||    43
Armor: Animal skin       |    38 |    53 |    41 ||   132
       Skin              |       |       |    12 ||    12
Dodge: Dodged            |    38 |    88 |    70 ||   196
